 Dungeon Crawl Stone Soup version 0.29-a0-334-gb41bcbb86e (webtiles) character file.

Game seed: 1572615226855276777

3826 spaghetti the Covert (level 9, -48/78 HPs)
             Began as a Deep Dwarf Transmuter on Apr 15, 2022.
             Was a Priest of Makhleb.
             Annihilated by a boulder beetle (54 damage)
             ... on level 8 of the Dungeon.
             The game lasted 00:19:19 (8640 turns).

spaghetti the Covert (Deep Dwarf Transmuter)        Turns: 8640, Time: 00:19:20

Health: -48/78     AC: 10    Str: 14    XL:     9   Next: 97%
Magic:  11/15      EV: 14    Int: 18    God:    Makhleb [***...]
Gold:   327        SH:  0    Dex: 13    Spells: 6/11 levels left

rFire   . . .      SeeInvis .   n - +2 short sword (vamp) {short}
rCold   . . .      Faith    .   (no shield)
rNeg    . . .      Spirit   .   l - +0 acid dragon scales
rPois   .          Reflect  .   (helmet currently unavailable)
rElec   .          Harm     .   e - +0 cloak {Stlth+}
rCorr   +          Rampage  .   p - +2 pair of gloves {infuse}
Will    +....                   (boots currently unavailable)
Stlth   +++++.....              (no amulet)
HPRegen 0.00/turn               (no ring)
MPRegen 0.14/turn               (no ring)

@: appendages, wereblooded
A: horns 2, talons 2, damage resistance, heal wounds, sense surroundings 2, no
regeneration
a: Heal Wounds, End Transformation, Renounce Religion, Minor Destruction, Lesser
Servant of Makhleb


You were on level 8 of the Dungeon.
You worshipped Makhleb.
Makhleb was most pleased with you.
You had temporarily grown beastly horns and talons.
You visited 1 branch of the dungeon, and saw 8 of its levels.
You also visited: Ossuary.

You collected 585 gold pieces.
You spent 258 gold pieces at shops.


Innate Abilities, Weirdness & Mutations

You have temporarily grown beastly horns and talons.
You are resistant to damage.
You can heal yourself by infusing magical energy.
You passively map the area around you.
You do not regenerate.


   Skills:
 + Level 3.9 Fighting
 - Level 5.2 Short Blades
 * Level 7.2 Dodging
 * Level 8.9 Stealth
 - Level 2.6 Unarmed Combat
 - Level 1.7 Spellcasting
 + Level 4.8 Transmutations
 * Level 8.1 Invocations


You had 6 spell levels left.
You knew the following spells:

 Your Spells              Type           Power      Damage    Failure   Level
a - Beastly Appendage     Tmut           38%        N/A       3%          1
b - Wereblood             Tmut           19%        N/A       5%          2
c - Passwall              Tmut/Erth      8%         N/A       16%         2

Your spell library contained the following spells:

 Spells                   Type           Power      Damage    Failure   Level
 Spider Form              Tmut/Pois      10%        N/A       30%         3
 Ensorcelled Hibernation  Hex/Ice        2%         N/A       38%         2
 Static Discharge         Conj/Air       1%         N/A       38%         2
 Ignite Poison            Fire/Tmut/Pois 7%         N/A       38%         3
 Confusing Touch          Hex            1%         N/A       63%         3
 Mephitic Cloud           Conj/Pois/Air  1%         N/A       63%         3
 Swiftness                Air            1%         N/A       63%         3
 Tukima's Dance           Hex            1%         N/A       63%         3
 Ice Form                 Ice/Tmut       10%        N/A       69%         4
 Anguish                  Hex/Necr       0%         N/A       95%         4
 Dispel Undead            Necr           1%         3d6       95%         4
 Sticky Flame             Conj/Fire      1%         2d3       95%         4
 Yara's Violent Unravell  Hex/Tmut       5%         3d4       95%         5
 Freezing Cloud           Conj/Ice/Air   0%         6-21      100%        5
 Enfeeble                 Hex            0%         N/A       100%        7

Inventory:

Hand Weapons
 j - a +0 short sword {short}
   (You took it off a kobold on level 1 of the Dungeon)
 m - a +0 club {mace}
   (You took it off a goblin on level 1 of the Dungeon)
 n - a +2 vampiric short sword (weapon) {short}
   (You took it off a kobold on level 1 of the Dungeon)
 H - a +0 vampiric spear {polearm}
   (You took it off a gnoll on level 6 of the Dungeon)
Missiles
 h - 272 stones (quivered) {throwing}
 i - 14 poisoned darts {throwing}
 s - 5 boomerangs {throwing}
 x - 2 silver javelins {throwing}
 F - 3 boomerangs of dispersal {=f!fthrowing}
Armour
 e - a +0 cloak of stealth (worn)
   (You found it on level 1 of the Dungeon)
 l - +0 acid dragon scales (worn)
   (You found it on level 1 of the Dungeon)
 p - a +2 pair of gloves of infusion (worn)
   (You bought it in a shop on level 2 of the Dungeon)
 M - a +1 pair of boots (melded)
   (You found it on level 7 of the Dungeon)
Magical Staves
 y - a staff of conjuration {!a@e2staff}
   (You found it on level 4 of the Dungeon)
Wands
 L - a wand of iceblast (14)
   (You found it on level 7 of the Dungeon)
Scrolls
 c - 4 scrolls of amnesia
 f - 7 scrolls of teleportation {@r4}
 g - a scroll of acquirement {unknown}
 k - 3 scrolls of immolation {!r!r}
 t - 3 scrolls of fear {unknown}
 u - a scroll of silence {unknown}
 w - 2 scrolls of vulnerability {unknown}
 A - 2 scrolls of blinking {unknown}
 B - a scroll of magic mapping {!r}
 D - a scroll of enchant weapon {unknown}
 E - 2 scrolls of identify {@r1}
Potions
 b - 6 potions of lignification {!q}
 d - a potion of heal wounds {@q2}
 o - 5 potions of brilliance
 q - 4 potions of haste {@q3}
 r - a potion of magic
 v - 2 potions of flight
 z - 2 potions of attraction {unknown}
 C - 3 potions of curing {@q1}
 I - a potion of cancellation {unknown}
 J - a potion of invisibility {unknown}
 K - a potion of mutation {unknown}

Dungeon Overview and Level Annotations

Branches:
Dungeon (8/15)             Temple (0/1) D:7         Ossuary (visited)
   Lair: D:8-11

Altars:
Gozag
Makhleb
Zin

Shops:
D:1 * D:2

[ * , * , , , , *,, *
*** , * * * ## , , *
.. , , ** , *.# ,*
#.########.# * , ,
,##.#.....53.##### ,
, ,,
,+........B5......, ,
* ####....@55.##... ,
* ###........# *, * ,
,...........# # ,
*,,,,#..8..#.....# .#
* * ,
,##.$(##..#####.# * ,
,*######........#, *
**..##...##.........,
, ,, , *
..#..8..#.....##.#, ,
#..............# ** *
,


You could see a boulder beetle (rolling, ally target), a friendly ynoxinul
(summoned) and 4 friendly ufetubi.


Message History

Your horns disappear.
Your talons disappear.
Your +1 pair of boots unmelds from your body.
Your primal bloodlust is almost over.
You howl as the wereblood boils in your veins!
Your primal bloodlust has ended.
You feel yourself speed up.
Found a stone staircase leading down. 😮 MP[+9]
Your mp is fully restored (15).
Key pressed, stopping explore.
There is a shaft here.
You now have 278 gold pieces (gained 16).
You now have 291 gold pieces (gained 13).
Key pressed, stopping explore.
Unknown command.
Key pressed, stopping explore.
Key pressed, stopping explore.
You now have 308 gold pieces (gained 17).
t - 3 scrolls labelled RATALO XIGOE (gained 1) Key pressed, stopping explore.
You now have 323 gold pieces (gained 15).
E - 2 scrolls of identify {@r1} (gained 1)
You now have 327 gold pieces (gained 4).
A boulder beetle comes into view.
You see here 11 gold pieces.
Casting: Wereblood (safe; 5% risk of failure)
Confirm with . or Enter, or press ? or * to list all spells.
You grow a pair of large bovine horns.
Your feet morph into talons.
Your +1 pair of boots melds into your body. 😮 MP[-1]
You lost 1 mp, and now have 14/15 mp.
Casting: Beastly Appendage (safe; 3% risk of failure)
Confirm with . or Enter, or press ? or * to list all spells.
Your blood is infused with primal strength.
The boulder beetle curls into a ball and begins rolling! 😮 MP[-2]
You lost 2 mp, and now have 12/15 mp.
Throw: 272 stones {throwing}
Press: ? - help, Q - select action, (/) - cycle Shift-Dir - straight line, f - boulder beetle
Aim: a boulder beetle (rolling, 89% to hit)
Okay, then.
Aiming: Minor Destruction (0% risk of failure)
Press: ? - help, Shift-Dir - straight line, f - boulder beetle
Aim: a boulder beetle (rolling)
Okay, then.
A demon appears! 😮 HP[-4]
You take 4 damage, and now have 51/78 hp.
Unknown command.
Aiming: Minor Destruction (0% risk of failure)
Press: ? - help, Shift-Dir - straight line, f - boulder beetle
Aim: a boulder beetle (rolling, ally target)
The puff of flame hits the boulder beetle.
The boulder beetle hits you!
* * * LOW HITPOINT WARNING * * *
The boulder beetle stops rolling and uncurls.
Your ynoxinul completely misses the boulder beetle. 😨 HP[-14]
You take 14 damage, and now have 37/78 hp.
You hit the boulder beetle but do no damage.
You claw the boulder beetle.
You headbutt the boulder beetle, but do no damage.
The boulder beetle bites you!
* * * LOW HITPOINT WARNING * * *
😨 HP[-11] MP[-1]
You take 11 damage, and now have 26/78 hp.
You lost 1 mp, and now have 11/15 mp.
You hit the boulder beetle but do no damage.
You claw the boulder beetle, but do no damage.
You headbutt the boulder beetle.
You punch the boulder beetle, but do no damage.
Your ynoxinul gestures.
The boulder beetle bites you!
* * * LOW HITPOINT WARNING * * *
😨 HP[-6] MP[-1]
You take 6 damage, and now have 20/78 hp.
You lost 1 mp, and now have 10/15 mp.
Your ynoxinul gestures.
Your ufetubus hits the boulder beetle but does no damage. x4 😨 MP[+1]
The boulder beetle attacks as you move away!
The boulder beetle bites you!
* * * LOW HITPOINT WARNING * * *
Your ufetubus hits the boulder beetle but does no damage. x3
Your ufetubus completely misses the boulder beetle.
Your ynoxinul hits the boulder beetle but does no damage.
Your ufetubus hits the boulder beetle but does no damage. x3
Your ufetubus hits the boulder beetle.
Your ufetubus hits the boulder beetle but does no damage. x2
The boulder beetle curls into a ball and begins rolling! 😱 HP[-14]
You take 14 damage, and now have 6/78 hp.
Unknown command.
Your ufetubus barely misses the boulder beetle.
Your ufetubus hits the boulder beetle but does no damage. x3
Your ynoxinul hits the boulder beetle but does no damage.
Your ufetubus hits the boulder beetle but does no damage. x4
The boulder beetle hits you!!!
Ouch! That really hurt!
You die...

Skill      XL: |  1  2  3  4  5  6  7  8  9 |
---------------+----------------------------+-----
Transmutations | 2 3 4 |  4.8
Stealth        | 1 2 3 4 5 7 8 |  8.9
Short Blades   | 1 2 3 4 5 |  5.2
Invocations    | 2 3 4 6 8 |  8.1
Fighting       | 1 2 3 |  3.9
Dodging        | 3 4 5 7 |  7.2
Unarmed Combat | |  2.6
Spellcasting   | |  1.7

Action                   |  1- 3 |  4- 6 |  7- 9 || total
-------------------------+-------+-------+-------++-------
Melee: Unarmed           |    31 |       |       ||    31
       Headbutt          |     5 |    17 |    62 ||    84
       Kick              |     7 |    38 |   115 ||   160
       Short sword       |    15 |   160 |   442 ||   617
       Punch             |       |     2 |    10 ||    12
Throw: Stone             |     6 |    56 |    36 ||    98
       Boomerang         |       |       |     3 ||     3
 Cast: Beastly Appendage |    11 |    24 |    43 ||    78
       Wereblood         |     4 |    23 |    40 ||    67
Invok: Minor Destruction |       |       |     1 ||     1
       Lesser Servant of |       |       |     1 ||     1
  Use: Scroll            |     3 |       |     4 ||     7
       Potion            |       |       |     9 ||     9
 Stab: Sleeping          |     2 |     3 |     3 ||     8
Armor: Robe              |     7 |       |       ||     7
       Acid dragon scale |     6 |    58 |   192 ||   256
       Skin              |       |       |    35 ||    35
Dodge: Dodged            |    23 |    94 |   318 ||   435

Levels and vault maps discovered:
D:1:      co_arrival_square_in_a_square_in_a_square, layout_basic, serial_shops,
          nicolae_shop_advertising_works [nicolae_subvault_shop_adworks]
D:2:      layout_loops_ring, serial_shops, nicolae_lakefront_shop,
          shapermc_ecumenical_altar_totnotflames, basic_altar, minivault_4
D:3:      layout_basic, uniq_sigmund
D:4:      layout_basic, nicolae_ossuary_entry_monument
D:5:      layout_gridville
D:6:      layout_cave_pools, portal_sewer_entry_e, uniq_grinder, uniq_edmund,
          uniq_pikel
D:7:      layout_basic, grunt_temple_overflow_gold_and_silver, temple_pool_b
D:8:      layout_basic, minmay_misc_feat_enclosed, mrwooster_statue_mirror,
          minmay_guarded_unrand_finisher

Notes
Turn   | Place    | Note
-------+----------+-------------------------------------------
     0 | D:1      | spaghetti the Deep Dwarf Transmuter began the quest for the
                  | Orb.
     0 | D:1      | Reached XP level 1. HP: 16/16 MP: 3/3
     0 | D:1      | magus.rc [v1.9.6]
     7 | D:1      | You pick up a book of Burglary and begin reading...
     7 | D:1      | You add the spells Passwall, Ensorcelled Hibernation and
                  | Swiftness to your library.
    87 | D:1      | Reached skill level 2 in Transmutations
   128 | D:1      | Reached skill level 1 in Stealth
   212 | D:1      | Reached XP level 2. HP: 24/24 MP: 2/4
   283 | D:1      | Learned a level 2 spell: Wereblood
   423 | D:1      | Found Huannut's General Store.
   599 | D:2      | Reached skill level 1 in Short Blades
   599 | D:2      | Reached skill level 2 in Stealth
   599 | D:2      | Reached XP level 3. HP: 30/30 MP: 1/5
   765 | D:2      | Found a burning altar of Makhleb.
   776 | D:2      | Reached skill level 3 in Stealth
   776 | D:2      | Reached XP level 4. HP: 29/37 MP: 2/6
   780 | D:2      | Became a worshipper of Makhleb the Destroyer
   848 | D:2      | Found Pukustog's Armour Emporium.
   885 | D:2      | You pick up a book of Misfortune and begin reading...
   885 | D:2      | You add the spells Confusing Touch, Yara's Violent
                  | Unravelling and Enfeeble to your library.
  1162 | D:2      | You pick up a book of Maledictions and begin reading...
  1162 | D:2      | You add the spells Tukima's Dance and Anguish to your
                  | library.
  1207 | D:2      | Reached skill level 1 in Invocations
  1210 | D:2      | Learned a level 2 spell: Passwall
  1342 | D:2      | Found a faded altar of an unknown god.
  2058 | D:3      | Noticed Sigmund
  2072 | D:3      | Killed Sigmund
  2073 | D:3      | Reached skill level 1 in Fighting
  2073 | D:3      | Reached skill level 2 in Short Blades
  2073 | D:3      | Reached skill level 3 in Dodging
  2073 | D:3      | Reached skill level 4 in Stealth
  2073 | D:3      | Reached skill level 3 in Transmutations
  2073 | D:3      | Reached skill level 2 in Invocations
  2073 | D:3      | Reached XP level 5. HP: 30/44 MP: 4/7
  2073 | D:3      | Reached XP level 6. HP: 35/51 MP: 4/8
  2158 | D:3      | Reached * piety under Makhleb
  2697 | D:4      | Reached skill level 3 in Invocations
  2715 | D:4      | Found a sand-covered staircase.
  2750 | D:4      | You pick up a book of Burglary and begin reading...
  2808 | Ossuary  | Entered an ossuary
  2853 | Ossuary  | Reached XP level 7. HP: 24/57 MP: 6/9
  2914 | Ossuary  | HP: 12/58 [mummy (12)]
  2922 | Ossuary  | Reached skill level 5 in Stealth
  3216 | D:3      | Reached skill level 3 in Short Blades
  3317 | D:2      | Bought a +2 pair of gloves of infusion for 258 gold pieces
  4209 | D:5      | Entered Level 5 of the Dungeon
  4220 | D:4      | Reached skill level 4 in Dodging
  4439 | D:5      | Reached skill level 2 in Fighting
  4510 | D:5      | Reached skill level 4 in Invocations
  5108 | D:5      | Reached XP level 8. HP: 67/67 MP: 5/11
  5177 | D:5      | Reached skill level 6 in Stealth
  5183 | D:5      | Reached skill level 5 in Invocations
  5361 | D:5      | Reached ** piety under Makhleb
  5620 | D:5      | Reached skill level 4 in Short Blades
  5620 | D:5      | Reached skill level 5 in Dodging
  5842 | D:6      | Noticed Grinder
  6089 | D:6      | Reached skill level 4 in Transmutations
  6103 | D:6      | Killed Grinder
  6104 | D:6      | Reached skill level 7 in Stealth
  6104 | D:6      | Reached skill level 6 in Invocations
  6286 | D:6      | Reached skill level 3 in Fighting
  6286 | D:6      | Gained mutation: You passively map the area around you.
                  | [Deep Dwarf growth]
  6286 | D:6      | Reached XP level 9. HP: 61/75 MP: 5/13
  6540 | D:6      | Identified the +1 robe "Kotasigu" {rC+ SInv}
  6579 | D:6      | You add the spells Ignite Poison, Mephitic Cloud and
                  | Freezing Cloud to your library.
  6617 | D:6      | Reached *** piety under Makhleb
  6618 | D:6      | Reached skill level 6 in Dodging
  6802 | D:6      | Noticed Edmund
  6826 | D:6      | Killed Edmund
  7052 | D:6      | Noticed Pikel
  7079 | D:6      | Killed Pikel
  7080 | D:6      | Reached skill level 5 in Short Blades
  7080 | D:6      | Reached skill level 8 in Stealth
  7080 | D:6      | Reached skill level 7 in Invocations
  7435 | D:7      | You pick up a book of Touch and begin reading...
  7435 | D:7      | You add the spells Static Discharge, Sticky Flame and
                  | Dispel Undead to your library.
  7770 | D:7      | Reached skill level 7 in Dodging
  7788 | D:7      | Reached skill level 8 in Invocations
  7984 | D:7      | Found a staircase to the Ecumenical Temple.
  8067 | D:7      | Found a glowing silver altar of Zin.
  8067 | D:7      | Found an opulent altar of Gozag.
  8631 | D:8      | Noticed a boulder beetle
  8639 | D:8      | HP: 6/78 [boulder beetle (14)]
  8640 | D:8      | Annihilated by a boulder beetle

Vanquished Creatures
  Pikel (D:6)
  Grinder (D:6)
  Sigmund (D:3)
  A wraith (D:8)
  2 steam dragons (D:7)
  Edmund (D:6)
  2 water moccasins
  2 black bears
  4 sky beasts
  2 ice beasts
  A centaur (D:5)
  3 scorpions (D:5)
  2 wights (D:3)
  A howler monkey (D:7)
  4 hounds
  2 orc priests
  6 jellies
  3 gnoll shamans
  3 iguanas
  8 orc wizards
  8 mummies (Ossuary)
  18 gnolls
  11 adders
  A white imp (D:6)
  2 dart slugs (D:4)
  28 orcs
  4 endoplasms
  2 giant cockroaches (D:2)
  3 gnoll zombies (Ossuary)
  4 goblins
  2 hobgoblins (D:3)
  2 jackals (D:2)
  9 kobolds
  5 quokkas
  6 ball pythons
  7 bats
  A frilled lizard (D:2)
  A kobold zombie (Ossuary)
  4 orc zombies (Ossuary)
  4 rats
172 creatures vanquished.

Table legend:
 A = Non-vault XP
 B = Vault XP
 C = Vault XP percentage of total XP
 D = Non-vault monster count
 E = Vault monster count
 F = Vault count percentage of total count
                 A         B        C        D         E       F
            +---------+---------+-------+---------+---------+-------
      Total |    4015 |    1452 |  26.6 |     152 |      20 |  11.6
            +---------+---------+-------+---------+---------+-------
        D:1 |      24 |       0 |   0.0 |      15 |       0 |   0.0
        D:2 |     159 |       0 |   0.0 |      23 |       0 |   0.0
        D:3 |     279 |     223 |  44.4 |      21 |       1 |   4.5
        D:4 |     105 |       0 |   0.0 |      14 |       0 |   0.0
        D:5 |    1165 |       0 |   0.0 |      28 |       0 |   0.0
        D:6 |     980 |    1071 |  52.2 |      28 |       3 |   9.7
        D:7 |    1105 |       0 |   0.0 |      22 |       0 |   0.0
        D:8 |     198 |       0 |   0.0 |       1 |       0 |   0.0
    Ossuary |       0 |     158 | 100.0 |       0 |      16 | 100.0
            +---------+---------+-------+---------+---------+-------

Illustrated notes

Table legend:
 A = Kills in this place as a percentage of kills in entire the game.
 B = Kills by you in this place as a percentage of kills by you in the entire game.
 C = Kills by friends in this place as a percentage of kills by friends in the entire game.
 D = Other kills in this place as a percentage of other kills in the entire game.
 E = Experience gained in this place as a percentage of experience gained in the entire game.
 F = Experience gained in this place divided by the number of levels of this place that you have seen.
                   A       B       C       D       E      F
               +-------+-------+-------+-------+-------+----------------------
         Total | 100.0 | 100.0 |   N/A |   N/A | 100.0 | 607.4
       Dungeon |  90.7 |  90.7 |   N/A |   N/A |  97.1 | 663.6
       Ossuary |   9.3 |   9.3 |   N/A |   N/A |   2.9 | 158.0
               +-------+-------+-------+-------+-------+----------------------

Table legend: (Time is in decaauts)
 A = Elapsed time spent in this place.
 B = Non-inter-level travel time spent in this place.
 C = Inter-level travel time spent in this place.
 D = Time resting spent in this place.
 E = Time spent auto-exploring this place.
 F = Levels seen in this place.
 G = Mean time per level.
                   A        B        C        D        E       F      G
               +--------+--------+--------+--------+--------+-----+--------+
         Total |   8615 |   8317 |    298 |    573 |   6219 |   9 |  957.2 |
       Dungeon |   8253 |   7955 |    298 |    468 |   6083 |   8 | 1031.6 |
       Ossuary |    362 |    362 |      0 |    105 |    136 |   1 |  362.0 |
               +--------+--------+--------+--------+--------+-----+--------+

Top non-repeatable levels by time:
     D:5: 1759 daAuts
     D:6: 1339 daAuts
     D:2: 1218 daAuts
     D:3: 1168 daAuts
     D:7: 969 daAuts
     D:4: 963 daAuts
     D:1: 577 daAuts
 Ossuary: 362 daAuts
     D:8: 257 daAuts
